 Dungeon Crawl Stone Soup version 0.30-a0-347-gf58ed5266c (webtiles) character file.

Game seed: 14625747431957117345

13386 purpskrrrp the Thaumaturge (level 12, -4/70 HPs)
             Began as a Djinni Earth Elementalist on Nov 6, 2022.
             Was a High Priest of Dithmenos.
             Slain by a small abomination (14 damage)
             ... in a Gauntlet.
             The game lasted 00:48:44 (12222 turns).

purpskrrrp the Thaumaturge (DjEE)                  Turns: 12222, Time: 00:48:44

Health: -4/70      AC: 11    Str:  7    XL:     12   Next: 32%
Gold:   540        EV: 19    Int: 22    God:    Dithmenos [*****.] SH:  0 Dex: 12

rFire   + + +      SeeInvis .    c - +6 long sword (freeze)
rCold   x . .      Faith    .    (no shield)
rNeg    . . .      Spirit   .    y - +3 leather armour
rPois   ∞          Reflect  .    j - +2 helmet
rElec   .          Harm     .    q - +0 cloak of Proximity {Fly rF+}
rCorr   .          Rampage  .    v - +0 pair of gloves
Will    ++...      NoTele   +    (boots unavailable)
Stlth   ++........               (no amulet)
HPRegen 0.31/turn                z - ring of willpower
MPRegen 0.00/turn                E - +4 ring of evasion

@: brilliant, flying, wreathed by umbra
A: sickness immunity, fire resistance 2, cold vulnerability 1, float, innate
caster, HP casting, extra vitality 1, clumsy 1
a: Renounce Religion, Shadow Step, Shadow Form


You were in a Gauntlet.
You worshipped Dithmenos.
Dithmenos was extremely pleased with you.
You visited 1 branch of the dungeon, and saw 11 of its levels.
You also visited: Sewer and Gauntlet.

You collected 540 gold pieces.

Inventory:

Hand Weapons
 c - a +6 long sword of freezing (weapon)
 g - the +4 shortbow "Naupri" {speed, rC+ rN+ Str+2 Dex-3}
   (You found it on level 8 of the Dungeon)

   Attacks with this weapon are significantly faster.
   Str:       It affects your strength (+2).
   Dex:       It affects your dexterity (-3).
   rC:        It protects you from cold.
   rN:        It protects you from negative energy.
 o - a +0 mace
 s - a +0 long sword
Armour
 a - a +1 robe
 j - a +2 helmet (worn)
 n - a +0 scale mail of fire resistance
 p - a +0 kite shield
 q - the +0 cloak of Proximity (worn) {Fly rF+}
   (You found it on level 2 of the Dungeon)

   rF:        It protects you from fire.
   Fly:       It grants you flight.
 v - a +0 pair of gloves (worn)
 w - +0 steam dragon scales
 y - a +3 leather armour (worn)
Jewellery
 i - a ring of protection from cold
 r - a ring of resist corrosion
 z - a ring of willpower (left hand)
 E - a +4 ring of evasion (right hand)
Wands
 e - a wand of roots (6)
 l - a wand of flame (26)
 A - a wand of digging (3)
Scrolls
 C - a scroll of fear
 F - a scroll of silence
 G - a scroll of teleportation
 H - a scroll of poison
Potions
 b - a potion of attraction
 d - a potion of brilliance
 f - 5 potions of haste
 h - 4 potions of curing
 m - 3 potions of lignification
 t - a potion of ambrosia
 x - a potion of resistance
 B - 2 potions of might


   Skills:
 + Level 7.1 Long Blades
 + Level 11.2 Dodging
 - Level 1.5 Stealth
 * Level 11.3 Spellcasting


You had 9 spell levels left.
You knew the following spells:

 Your Spells              Type           Power      Damage    Failure   Level
a - Sandblast             Erth           100%       2d20      1%          1
b - Passwall              Tmut/Erth      63%        N/A       1%          2
c - Stone Arrow           Conj/Erth      100%       3d13      1%          3
d - Petrify               Tmut/Erth      76%        N/A       1%          4
e - Foxfire               Conj/Fire      100%       2x1d9     1%          1
f - Scorch                Fire           100%       2d10      1%          2
g - Kindle Blastsparks    Fire/Tloc/Air  100%       2d18      1%          3
h - Portal Projectile     Hex/Tloc       100%       N/A       1%          3
i - Blade Hands           Tmut           38%        N/A       1%          5
Your spell library was empty.

Dungeon Overview and Level Annotations

Branches:
Dungeon (11/15)            Temple (0/1) D:6            Lair (0/5) D:9
    Orc (0/2) D:10          Sewer (visited)         Gauntlet (1/1)

Altars:
Cheibriados
Dithmenos
Elyvilon
Gozag
Hepliaklqana
Makhleb
Ru
Uskayaw
Wu Jian
Yredelemnul
The Shining One

Shops:
D:7 =   D:8 [   D:11 =?

Annotations:
Gauntlet 13 transporters, 2 runed translucent doors, exclusion: obsidian statue


Innate Abilities, Weirdness & Mutations

You are immune to sickness and miasma.
You are immune to poison.
Your flesh is very heat resistant. (rF++)
You are vulnerable to cold. (rC-)
You float through the air rather than walking.
You learn spells naturally, not from books.
Your magical power is your life essence.
You have superior vitality. (+4 MHP)
You are clumsy. (Dex -2)


Message History

The large abomination misses you.
The cloud of blastsparks explodes!
The concussive blast engulfs the small abomination!
The small abomination is heavily damaged.
The concussive blast engulfs the large abomination!
The large abomination is severely damaged.
The concussive blast engulfs you. You resist.
You are knocked back by the blast.
You are too injured to fight recklessly!
Aiming: Sandblast (safe; 1% risk of failure)
Press: ? - help, Q - select action, (/) - cycle Shift-Dir - straight line, f - small abomination, p - large abomination
Aim: a small abomination (heavily damaged, umbra, 85% to hit)
You feel a surge of power!
The blast of sand hits the small abomination!
You destroy the small abomination!
Dithmenos accepts your kill.
Aiming: Sandblast (safe; 1% risk of failure)
Press: ? - help, Q - select action, (/) - cycle Shift-Dir - straight line, f - large abomination
Aim: a large abomination (severely damaged, umbra, 91% to hit)
You feel a surge of power!
The blast of sand hits the large abomination!
The large abomination is almost destroyed.
Aiming: Sandblast (safe; 1% risk of failure)
Press: ? - help, Q - select action, (/) - cycle Shift-Dir - straight line, f/p - large abomination
Aim: a large abomination (almost destroyed, umbra, 91% to hit)
You feel a surge of power!
The blast of sand hits the large abomination!
You destroy the large abomination!
Dithmenos accepts your kill.
The small abomination completely misses you.
The small abomination hits you!
* * * LOW HITPOINT WARNING * * *
The small abomination closely misses you.
You feel better. The small abomination hits you!
* * * LOW HITPOINT WARNING * * *
The small abomination barely misses you.
The small abomination misses you.
You see here a scroll of identify.
The small abomination hits you!
You die...

####.....©.....####
#≈≈..#########..≈≈#
#≈...#.......#...≈#
####..♣.#..####.#.♣..####
#≈≈..P..#.##..#.#.PP..≈≈#
#≈..♣P..#.#.©#x.#...♣..≈#
####...PP..#.#.##x.#.P.P...####
#≈≈..♣.PP♣.#.##.xx.#.♣P..♣..≈≈#
#≈.........#..)@?..#.........≈#
##...#######################...##
≈....#©.........©.........©#....≈
..#############################..
..#^..yy.y#...........#p....hh#..
♣.#.#####y#...#≈#≈#P..####.####.♣
..#.+...+.#.PP≈≈≈≈≈PP.#..#.#..#.P
♣.#.#.©.#.#.♣P#≈#≈#.♣.#.##©##.#.♣
P.#.#≈≈≈#.#...≈≈≈≈≈P..#.#p..#.#.P


You could see a necromancer, a queen bee, 4 small abominations and a killer bee
(wandering).

Vanquished Creatures
  2 two-headed ogres
  3 death yaks
  Sonja (D:10)
  Nergalle (D:10)
  Joseph (D:7)
  Psyche (D:8)
  A large abomination (Gauntlet)
  Prince Ribbit (D:7)
  A hornet (D:8)
  A wyvern (D:7)
  A shadow (D:11)
  A wraith (D:8)
  12 yaks
  A steam dragon (D:7)
  A small abomination (Gauntlet)
  2 acid dragons
  A water moccasin (D:8)
  A swamp drake (D:10)
  An ice beast (D:5)
  4 orc warriors
  A black bear (shapeshifter) (D:9)
  3 black bears
  2 ogres
  6 centaurs
  A phantom (D:5)
  3 kobold brigands
  2 bullfrogs (D:9)
  4 necrophages
  A scorpion (D:5)
  9 wights
  26 killer bees
  6 howler monkeys
  3 jellies
  4 hounds
  Crazy Yiuf (D:6)
  7 orc priests
  A gnoll bouda (D:4)
  Terence (D:2)
  2 hell rats
  3 iguanas
  13 orc wizards
  A mummy (D:7)
  Robin (D:2)
  7 gnolls
  16 adders
  10 river rats
  A shadow imp (D:6)
  A white imp (D:5)
  An ufetubus (D:4)
  6 worms (D:3)
  37 orcs
  5 endoplasms
  6 giant cockroaches
  18 goblins
  12 hobgoblins
  6 jackals
  20 kobolds
  5 quokkas (D:1)
  8 ball pythons
  5 bats
  A frilled lizard (D:2)
  22 rats
326 creatures vanquished.

Vanquished Creatures (others)
  484 foxfires
  A fungus (D:6)
485 creatures vanquished.

Grand Total: 811 creatures vanquished

Notes
Turn   | Place    | Note
-------+----------+-------------------------------------------
     0 | D:1      | purpskrrrp the Djinni Earth Elementalist began the quest
                  | for the Orb.
     0 | D:1      | purpskrrrp set off with the following spells memorised:
                  | Sandblast, Passwall, Stone Arrow, Petrify.
     0 | D:1      | Reached XP level 1. HP: 15/15 MP: 0/0
   137 | D:1      | Reached XP level 2. HP: 21/21 MP: 0/0
   352 | D:1      | Reached XP level 3. HP: 22/25 MP: 0/0
   352 | D:1      | Learned a level 1 spell: Foxfire
  1074 | D:2      | Noticed Robin
  1079 | D:2      | Reached XP level 4. HP: 28/31 MP: 0/0
  1083 | D:2      | Killed Robin
  1191 | D:2      | Noticed Terence
  1197 | D:2      | Killed Terence
  1292 | D:2      | Reached XP level 5. HP: 24/35 MP: 0/0
  1292 | D:2      | Learned a level 2 spell: Scorch
  1441 | D:2      | Found a faded altar of an unknown god.
  1446 | D:2      | Identified the +0 cloak of Proximity {Fly rF+}
  1675 | D:2      | Prayed at the altar of an unknown god.
  1675 | D:2      | Became a worshipper of Dithmenos the Shadowed
  1675 | D:2      | Reached * piety under Dithmenos
  1846 | D:3      | Reached XP level 6. HP: 11/40 MP: 0/0
  1961 | D:3      | Found a glowing drain.
  1970 | Sewer    | Entered a sewer
  2008 | Sewer    | Reached ** piety under Dithmenos
  2828 | D:3      | Found an ornate altar of the Wu Jian Council.
  3058 | D:4      | Reached XP level 7. HP: 31/45 MP: 0/0
  3058 | D:4      | Learned a level 3 spell: Kindle Blastsparks
  3086 | D:4      | Reached skill level 5 in Spellcasting
  3089 | D:4      | Reached skill level 5 in Dodging
  3699 | D:4      | Reached XP level 8. HP: 46/50 MP: 0/0
  3902 | D:5      | Entered Level 5 of the Dungeon
  4185 | D:5      | Reached *** piety under Dithmenos
  4353 | D:5      | Found a hide-covered altar of Uskayaw.
  4565 | D:5      | Reached XP level 9. HP: 21/55 MP: 0/0
  4565 | D:5      | Learned a level 3 spell: Portal Projectile
  5213 | D:6      | Found a basalt altar of Yredelemnul.
  5315 | D:6      | Found an opulent altar of Gozag.
  5320 | D:6      | Found a hazy altar of Hepliaklqana.
  5337 | D:6      | Found a runed translucent door.
  5338 | D:6      | Noticed Crazy Yiuf
  5711 | D:6      | Found a shadowy altar of Dithmenos.
  5720 | D:6      | Reached skill level 1 in Long Blades
  6049 | D:6      | Found a staircase to the Ecumenical Temple.
  6444 | D:6      | Killed Crazy Yiuf
  6618 | D:7      | Noticed Joseph
  6629 | D:7      | Killed Joseph
  6771 | D:7      | Reached XP level 10. HP: 50/60 MP: 0/0
  6803 | D:7      | Reached **** piety under Dithmenos
  6892 | D:7      | Found Bijecko's Jewellery Shoppe.
  7087 | D:7      | Noticed Prince Ribbit
  7091 | D:7      | Killed Prince Ribbit
  7319 | D:7      | Found a snail-covered altar of Cheibriados.
  7490 | D:7      | Gained mutation: You are strong-willed. (Will+) [potion of
                  | mutation]
  7490 | D:7      | Gained mutation: Your body sometimes deteriorates upon
                  | taking damage. [potion of mutation]
  7490 | D:7      | Gained mutation: Your body often deteriorates upon taking
                  | damage. [potion of mutation]
  7491 | D:7      | Lost mutation: You are strong-willed. (Will+) [potion of
                  | mutation]
  7491 | D:7      | Lost mutation: Your body often deteriorates upon taking
                  | damage. [potion of mutation]
  7491 | D:7      | Lost mutation: Your body sometimes deteriorates upon taking
                  | damage. [potion of mutation]
  7491 | D:7      | Gained mutation: You are clumsy. (Dex -2) [potion of
                  | mutation]
  7503 | D:8      | Identified the +4 shortbow "Naupri" {speed, rC+ rN+ Str+2
                  | Dex-3}
  7598 | D:8      | Noticed a two-headed ogre
  7723 | D:8      | Noticed Psyche
  7750 | D:8      | Killed Psyche
  7808 | D:8      | Found a burning altar of Makhleb.
  7811 | D:8      | Found a white marble altar of Elyvilon.
  7815 | D:8      | Found a sacrificial altar of Ru.
  7874 | D:8      | Killed a two-headed ogre
  8008 | D:8      | Found Liolo's Armour Emporium.
  8283 | D:9      | Reached XP level 11. HP: 65/65 MP: 0/0
  8283 | D:9      | Learned a level 5 spell: Blade Hands
  8500 | D:9      | Reached skill level 5 in Long Blades
  8840 | D:9      | Noticed a death yak
  8866 | D:9      | Killed a death yak
  8867 | D:9      | Reached skill level 10 in Spellcasting
  9076 | D:9      | Noticed a death yak
  9077 | D:9      | Noticed a death yak
  9097 | D:9      | HP: 2/65 [death yak (22)]
  9106 | D:8      | Killed a death yak
  9107 | D:8      | Reached skill level 10 in Dodging
  9257 | D:8      | Killed a death yak
  9667 | D:9      | Found a staircase to the Lair.
  9733 | D:9      | Found a glowing golden altar of the Shining One.
 10129 | D:10     | Entered Level 10 of the Dungeon
 10129 | D:10     | Noticed Sonja
 10189 | D:10     | Killed Sonja
 10286 | D:10     | Reached ***** piety under Dithmenos
 10665 | D:10     | Noticed Nergalle
 10714 | D:10     | Killed Nergalle
 10994 | D:10     | Reached XP level 12. HP: 28/70 MP: 0/0
 11164 | D:10     | Noticed a two-headed ogre
 11169 | D:10     | Killed a two-headed ogre
 11449 | D:10     | Found a staircase to the Orcish Mines.
 11609 | D:11     | Found Toshrig's Magic Scroll Shop.
 11652 | D:11     | Found Seaficith's Jewellery Emporium.
 11655 | D:11     | Found a gate leading to a gauntlet.
 11818 | Gauntlet | Entered a Gauntlet
 11818 | Gauntlet | Found a transporter.
 11900 | Gauntlet | Found a transporter.
 11902 | Gauntlet | Found a transporter.
 11913 | Gauntlet | Found a transporter.
 11916 | Gauntlet | Found a transporter.
 11922 | Gauntlet | Noticed a glowing orange brain
 11922 | Gauntlet | Noticed a glowing orange brain
 11924 | Gauntlet | Found a transporter.
 11945 | Gauntlet | Found a transporter.
 11950 | Gauntlet | Noticed a green death
 11957 | Gauntlet | Found a transporter.
 11964 | Gauntlet | Found a transporter.
 11964 | Gauntlet | Found a transporter.
 11982 | Gauntlet | Found a runed translucent door.
 12007 | Gauntlet | Found a transporter.
 12008 | Gauntlet | Noticed a balrug
 12030 | Gauntlet | Found a transporter.
 12040 | Gauntlet | Found a runed translucent door.
 12042 | Gauntlet | Found a transporter.
 12042 | Gauntlet | Found a transporter.
 12222 | Gauntlet | Slain by a small abomination

Illustrated notes

Levels and vault maps discovered:
D:1:      onia_arrival_handbag, layout_loops_ring, minmay_pentomino_x4
D:2:      layout_rooms, shapermc_ecumenical_altar_petra, uniq_terence,
          uniq_robin
D:3:      layout_loops_ring, nicolae_wu_jian_glorious_leap,
          lightli_sewer_entry_pipes, amcnicky_mini_rare_corridor_liquid
D:4:      cheibrodos_greedy_goblins, layout_basic,
          chequers_serial_rivers_small_b
D:5:      layout_basic, mainiacjoe_overflow_brackets,
          chequers_serial_rivers_marsh, minmay_between
D:6:      layout_loops_ring, yredelemnul_altar_generic,
          mainiacjoe_overflow_catwalk, nicolae_overflow_hidden_temple,
          minmay_temple_entry_antechambers, nicolae_eternal_life,
          hangedman_decor_riveting, grunt_decor_fettered,
          uniq_crazy_yiuf_cottage
D:7:      layout_rooms, slow_altar_2, serial_shops, shop, uniq_prince_ribbit1,
          uniq_joseph
D:8:      layout_rooms, grunt_temple_overflow_diamond, serial_shops,
          nicolae_shop_behind_doors, uniq_psyche
D:9:      layout_loops_corners, nicolae_tso_carved_into_rock,
          dpeg_lair_monsters, supply_closet_lemuel
D:10:     layout_roguey, erik_orc_1, hive_lemuel, uniq_nergalle, uniq_sonja
D:11:     layout_roguey, gammafunk_ghost_grave, serial_shops, shop,
          gauntlet_entry_generic, nicolae_stop_n_shop_1, elyvilon_altar_3
Gauntlet: minmay_gauntlet_77_tree [minmay_gauntlet_arena_77_hold_the_fort,
          minmay_gauntlet_arena_77_shame_cube, minmay_gauntlet_arena_77_mirror,
          minmay_gauntlet_arena_77_tiled_triplets,
          minmay_gauntlet_arena_77_block_sizes,
          minmay_gauntlet_arena_77_p_blocks, minmay_gauntlet_arena_77_checkered,
          nicolae_gauntlet_exit_dead_adventurers]

Skill      XL: |  1  2  3  4  5  6  7  8  9 10 11 12 |
---------------+-------------------------------------+-----
Spellcasting   | 3 4 5 7 8 9 10 11 | 11.3
Dodging        | 3 4 5 6 8 9 10 11 | 11.2
Long Blades    | 2 4 6 7 |  7.1
Stealth        | |  1.5

Action                   |  1- 3 |  4- 6 |  7- 9 | 10-12 || total
-------------------------+-------+-------+-------+-------++-------
Melee: Unarmed           |    30 |       |       |     4 ||    34
       Mace              |       |     5 |       |       ||     5
       Long sword        |       |     3 |    71 |   126 ||   200
       Punch             |       |       |     2 |     2 ||     4
 Cast: Sandblast         |    61 |   115 |     1 |    53 ||   230
       Scorch            |       |       |    26 |     9 ||    35
       Foxfire           |       |       |   160 |   158 ||   318
       Kindle Blastspark |       |       |    34 |    37 ||    71
       Stone Arrow       |       |       |       |    47 ||    47
       Blade Hands       |       |       |       |     1 ||     1
  Use: Scroll            |     5 |    10 |     3 |    11 ||    29
       Potion            |       |       |     3 |    10 ||    13
 Stab: Sleeping          |     1 |       |       |     1 ||     2
Armor: Robe              |    15 |    10 |    41 |       ||    66
       Leather armour    |       |       |       |    69 ||    69
Dodge: Dodged            |    35 |    45 |   131 |   236 ||   447

Table legend: (Time is in decaauts)
 A = Elapsed time spent in this place.
 B = Non-inter-level travel time spent in this place.
 C = Inter-level travel time spent in this place.
 D = Time resting spent in this place.
 E = Time spent auto-exploring this place.
 F = Levels seen in this place.
 G = Mean time per level.
                   A        B        C        D        E       F      G
               +--------+--------+--------+--------+--------+-----+--------+
         Total |  12390 |  12036 |    354 |   2965 |   6526 |  13 |  953.1 |
       Dungeon |  11709 |  11355 |    354 |   2748 |   6294 |  11 | 1064.5 |
         Sewer |    274 |    274 |      0 |    144 |     32 |   1 |  274.0 |
      Gauntlet |    406 |    406 |      0 |     73 |    200 |   1 |  406.0 |
               +--------+--------+--------+--------+--------+-----+--------+

Top non-repeatable levels by time:
    D:10: 1476 daAuts
     D:6: 1407 daAuts
     D:9: 1389 daAuts
     D:5: 1323 daAuts
     D:8: 1291 daAuts
     D:4: 1039 daAuts
     D:3: 937 daAuts
     D:1: 924 daAuts
     D:7: 883 daAuts
     D:2: 821 daAuts
Gauntlet: 406 daAuts
   Sewer: 274 daAuts
    D:11: 215 daAuts
